[Event "Team 45 45 League T37"]
[Site "Internet Chess Club"]
[Date "2008.05.16"]
[Round "4"]
[White "Fezzik"]
[Black "MPknight"]
[Result "1/2-1/2"]
[WhiteElo "2030"]
[BlackElo "1768"]
[Opening "QGD Slav/Grünfeld: Schlechter variation"]
[ECO "D15"]
[Time "21:27:54"]
[TimeControl "2700+45"]

1. Nf3 d5 2. d4 Nf6 3. c4 c6 4. Nc3 g6 5. Bf4 Bg7 6. cxd5 Nxd5 7. Bg3 O-O 8. e4
Nf6 9. h3 Nbd7 10. Bd3 Nb6 11. O-O Nh5 12. Bh2 Bxd4 13. Nxd4 Qxd4 14. Qe2 e5 15.
Rad1 Nf4 16. Bxf4 exf4 17. Bb1 Qe5 18. Qf3 Be6 19. b3 Rad8 20. Ne2 g5 21. Qh5 f6
22. h4 Kg7 23. hxg5 fxg5 24. Nc1 Bf7 25. Qf3 Qe7 26. Qc3+ Qf6 27. e5 Qe6 28. Rd6
Rxd6 29. exd6+ Kg8 30. Qc5 Qd5 31. Qa3 Nc8 32. d7 Qxd7 33. Bxh7+ Kg7 34. Bc2 Qe7
35. Qa5 Bg6 36. Bxg6 Kxg6 37. Re1 Qd7 38. Qc3 Re8 39. Qc2+ Kf6 40. Rd1 Qf5 41.
Nd3 Ne7 42. Qc3+ Kf7 43. Ne5+ Kf8 44. Nd7+ Kf7 45. Ne5+ Kf8 46. Qc5 Kg8 47. Qc4+
Nd5 48. Rxd5 cxd5 49. Qxd5+ Qe6 {Game drawn by mutual agreement} 1/2-1/2

[Event "Team 45 45 League T37"]
[Site "Internet Chess Club"]
[Date "2008.05.17"]
[Round "4"]
[White "Mikey29a"]
[Black "gtm"]
[Result "1-0"]
[WhiteElo "1764"]
[BlackElo "1554"]
[Opening "Scandinavian: Marshall variation"]
[ECO "B01"]
[Time "10:42:38"]
[TimeControl "2700+45"]

1. e4 d5 2. exd5 Nf6 3. d4 Nxd5 4. c4 Nb6 5. Be3 Bf5 6. Bd3 Bxd3 7. Qxd3 e6 8.
Nf3 Bb4+ 9. Bd2 Bxd2+ 10. Nbxd2 O-O 11. b4 Nc6 12. b5 Nxd4 13. Qxd4 Qxd4 14.
Nxd4 e5 15. N4b3 Rad8 16. Ke2 Na4 17. Rac1 Rd7 18. Ne4 b6 19. Rc2 Rfd8 20. Nc3
Nxc3+ 21. Rxc3 e4 22. Rcc1 f5 23. Rcd1 g5 24. Rxd7 Rxd7 25. Rd1 Re7 26. Rd8+ Kf7
27. Ra8 f4 28. Rxa7 g4 29. g3 f3+ 30. Ke3 Kg6 31. Nd4 Rd7 32. Kxe4 h5 33. a4
Re7+ 34. Kd3 Re1 35. Rxc7 Ra1 36. Rc6+ Kf7 37. Rxb6 Ra3+ 38. Kd2 Ra2+ 39. Nc2
Rxa4 40. Rc6 Ra8 41. b6 Rd8+ 42. Kc3 Ke7 43. Rc7+ Ke8 44. b7 {Black resigns} 1-0

[Event "Team 45 45 League T37"]
[Site "Internet Chess Club"]
[Date "2008.05.15"]
[Round "4"]
[White "nathesh"]
[Black "OldChurchLady"]
[Result "0-1"]
[WhiteElo "1439"]
[BlackElo "1775"]
[Opening "Caro-Kann: Panov-Botvinnik attack"]
[ECO "B13"]
[Time "18:59:03"]
[TimeControl "2700+45"]

1. e4 c6 2. d4 d5 3. exd5 cxd5 4. c4 Nf6 5. Nf3 Nc6 6. Nc3 Bg4 7. Be2 e6 8. a3
dxc4 9. Bxc4 Bxf3 10. Qxf3 Qxd4 11. Bb5 Rc8 12. Be3 Qe5 13. O-O Bd6 14. Bxa7
Qxh2# {White checkmated} 0-1

[Event "Team 45 45 League T37"]
[Site "Internet Chess Club"]
[Date "2008.05.16"]
[Round "4"]
[White "A-Ru"]
[Black "lele"]
[Result "1-0"]
[WhiteElo "1820"]
[BlackElo "1812"]
[Opening "Queen's pawn game"]
[ECO "D05"]
[Time "17:30:59"]
[TimeControl "2700+45"]

1. d4 d5 2. Nf3 Nf6 3. e3 e6 4. Bd3 Bd6 5. Nbd2 O-O 6. O-O b6 7. Ne5 Bb7 8. f4
c5 9. c3 Nbd7 10. Qf3 Re8 11. g4 Nf8 12. h4 Ne4 13. g5 f6 14. gxf6 Qxf6 15. Qg4
h5 16. Qh3 Be7 17. Ndf3 Ng6 18. Ng5 Qf5 19. Qxf5 exf5 20. Nxg6 Bxg5 21. fxg5 Ng3
22. Rf3 f4 23. Nxf4 {Black resigns} 1-0

[Event "Team 45 45 League T37"]
[Site "Internet Chess Club"]
[Date "2008.05.19"]
[Round "4"]
[White "Ocho-Cinco"]
[Black "upsan"]
[Result "1/2-1/2"]
[WhiteElo "1770"]
[BlackElo "1930"]
[Opening "French: Rubinstein variation"]
[ECO "C03"]
[Time "11:56:20"]
[TimeControl "2700+45"]

1. e4 e6 2. d4 d5 3. Nd2 dxe4 4. Nxe4 Nd7 5. Nf3 Ngf6 6. Bg5 Be7 7. Bd3 Nxe4 8.
Bxe7 Qxe7 9. Bxe4 Nf6 10. Bd3 Bd7 11. O-O O-O 12. Ne5 Rfd8 13. c3 c5 14. dxc5
Qxc5 15. Nxd7 Rxd7 16. Qc2 Rad8 17. Rad1 h6 18. Be2 Rxd1 19. Rxd1 Rxd1+ 20. Qxd1
Qc7 21. Bf3 b6 22. Qa4 Qd7 23. Qxd7 Nxd7 24. Kf1 Kf8 25. Ke2 Ke7 26. Kd3 Kd6 27.
Be2 Ne5+ 28. Kd4 Nc6+ 29. Kc4 e5 30. b4 f5 31. Kb5 Nb8 32. a4 g5 33. a5 bxa5 34.
Kxa5 e4 35. Bb5 f4 36. c4 a6 37. c5+ Kc7 38. Bc4 Nc6+ 39. Ka4 e3 40. fxe3 fxe3
41. Bxa6 Nd4 42. b5 e2 43. b6+ Kb8 44. c6 Nxc6 45. Bxe2 {Game drawn by mutual
agreement} 1/2-1/2

[Event "Team 45 45 League T37"]
[Site "Internet Chess Club"]
[Date "2008.05.17"]
[Round "4"]
[White "Marichan"]
[Black "GrandPoobah069"]
[Result "1/2-1/2"]
[WhiteElo "1726"]
[BlackElo "1676"]
[Opening "Sicilian: Najdorf"]
[ECO "B90"]
[Time "19:18:27"]
[TimeControl "2700+45"]

1. e4 c5 2. Nf3 d6 3. d4 cxd4 4. Nxd4 Nf6 5. Nc3 a6 6. f3 e5 7. Nb3 Be7 8. Be2
Be6 9. Bg5 Nbd7 10. Qd2 Qc7 11. O-O-O O-O 12. h4 Rfd8 13. Nd5 Bxd5 14. exd5 Rac8
15. c3 b5 16. Kb1 Nc5 17. Nxc5 Qxc5 18. g4 Rb8 19. h5 Nxd5 20. Bxe7 Nxe7 21. g5
a5 {Game drawn by mutual agreement} 1/2-1/2

[Event "Team 45 45 League T37"]
[Site "Internet Chess Club"]
[Date "2008.05.17"]
[Round "4"]
[White "BraafPaard"]
[Black "Kingofknights"]
[Result "0-1"]
[WhiteElo "1520"]
[BlackElo "1811"]
[Opening "Caro-Kann: Steinitz variation"]
[ECO "B17"]
[Time "09:32:21"]
[TimeControl "2700+45"]

1. e4 c6 2. d4 d5 3. Nd2 dxe4 4. Nxe4 Nd7 5. Nf3 Ngf6 6. Bd3 Nxe4 7. Bxe4 Nf6 8.
Bd3 Bg4 9. c3 Qc7 10. Bg5 Nd5 11. Bh4 e6 12. Bg3 Bd6 13. Bxd6 Qxd6 14. h3 Bh5
15. g4 Bg6 16. Ne5 Bxd3 17. Nxd3 f6 18. Qe2 O-O-O 19. O-O-O Rhe8 20. Qd2 e5 21.
dxe5 fxe5 22. f3 Rf8 23. Rde1 Nf4 24. Kc2 Qxd3+ 25. Qxd3 Nxd3 26. Re3 Nf4 27.
Rxe5 Rf7 28. h4 Rd5 29. Re4 h6 30. h5 Rd6 31. Rhe1 Nd5 32. Rf1 Rdf6 33. c4 Nf4
34. Re3 Ng2 35. Rd3 Nh4 36. Rd2 Rxf3 37. Rxf3 Nxf3 38. Rg2 Rf4 39. Kc3 Ne1 40.
Rg1 Nf3 41. Rg2 Kd7 42. Kb3 Ke6 43. Kb4 Kf6 44. Kc5 Ne5 45. Kd6 {White resigns}
0-1

[Event "Team 45 45 League T37"]
[Site "Internet Chess Club"]
[Date "2008.05.18"]
[Round "4"]
[White "andrew28"]
[Black "Fegary"]
[Result "0-1"]
[WhiteElo "1775"]
[BlackElo "2040"]
[Opening "Pirc defense"]
[ECO "B07"]
[Time "11:08:19"]
[TimeControl "2700+45"]

1. e4 d6 2. d4 Nf6 3. Nc3 g6 4. f3 Bg7 5. Be3 c6 6. Qd2 Nbd7 7. g4 O-O 8. h4 Nb6
9. h5 e5 10. hxg6 fxg6 11. O-O-O Be6 12. dxe5 dxe5 13. Qh2 Qe7 14. Nh3 Nc4 15.
Bxc4 Bxc4 16. Ng5 h6 17. Nh3 g5 18. Ng1 b5 19. Nge2 b4 20. Nb1 Bxa2 21. Ng3 Be6
22. Nf5 Bxf5 23. gxf5 a5 24. Qe2 Qf7 25. Bc5 Rfb8 26. Bd6 Re8 27. Rd3 Nh5 28.
Qe3 Nf4 29. Rd2 Kh7 30. Rdh2 Qf6 31. Bc5 Red8 32. Bb6 Rd7 33. Rd2 Rxd2 34. Qxd2
h5 35. Be3 h4 36. Rd1 Rd8 37. Qh2 Rxd1+ 38. Kxd1 Qd6+ 39. Nd2 a4 40. Kc1 a3 41.
bxa3 bxa3 42. Kb1 Qb4+ 43. Nb3 Qe1+ 44. Bc1 Ne2 45. c4 c5 46. Qg2 Bf6 47. Qg4
Kh6 48. f4 Nc3+ 49. Kc2 exf4 50. Bxf4 Qxe4+ 51. Kc1 Ne2+ 52. Kd1 Nxf4 53. Nd2
Qd3 54. Ke1 Bc3 55. Kf2 Qxd2+ 56. Kg1 a2 57. f6 a1=Q+ {White resigns} 0-1

[Event "Team 45 45 League T37"]
[Site "Internet Chess Club"]
[Date "2008.05.18"]
[Round "4"]
[White "DeepStudy"]
[Black "rojito"]
[Result "1-0"]
[WhiteElo "2014"]
[BlackElo "1688"]
[Opening "Sicilian: closed"]
[ECO "B23"]
[Time "11:13:18"]
[TimeControl "2700+45"]

1. e4 c5 2. Nc3 e6 3. g3 Nc6 4. Bg2 Nf6 5. f4 d6 6. Nf3 Be7 7. O-O O-O 8. d3 a6
9. h3 Rb8 10. e5 dxe5 11. Nxe5 Nxe5 12. fxe5 Nd5 13. Qh5 b5 14. Ne4 f5 15. exf6
Nxf6 16. Qe5 Qb6 17. Be3 Nd5 18. Bg5 Rxf1+ 19. Rxf1 Bxg5 20. Nxg5 Nf6 21. Rxf6
gxf6 22. Qxf6 Qc7 23. Be4 Qxg3+ 24. Kf1 Qc7 25. Bxh7+ Qxh7 26. Qd8+ Kg7 27. Qe7+
Kg6 28. Nxh7 Rb7 29. Nf8+ {Black resigns} 1-0

[Event "Team 45 45 League T37"]
[Site "Internet Chess Club"]
[Date "2008.05.20"]
[Round "4"]
[White "jjmolina"]
[Black "qs16"]
[Result "1-0"]
[WhiteElo "1638"]
[BlackElo "1756"]
[Opening "Sicilian: Najdorf, Opocensky variation"]
[ECO "B92"]
[Time "15:01:41"]
[TimeControl "2700+45"]

1. e4 c5 2. Nf3 d6 3. d4 cxd4 4. Nxd4 Nf6 5. Nc3 a6 6. Be2 Qc7 7. Nd5 Nxd5 8.
exd5 Qa5+ 9. Bd2 Qxd5 10. Nf3 e5 11. O-O Be7 12. Qe1 e4 13. c4 Qc5 14. Bb4 Qc7
15. Nd4 Nc6 16. Bc3 O-O 17. Rc1 Bf6 18. Nxc6 Bxc3 19. Rxc3 bxc6 20. Qb1 Bf5 21.
f3 exf3 22. Qxf5 fxe2 23. Re1 Qb6+ 24. Kh1 Qxb2 25. Rh3 Qd2 26. Qxh7# {Black
checkmated} 1-0

[Event "Team 45 45 League T37"]
[Site "Internet Chess Club"]
[Date "2008.05.17"]
[Round "4"]
[White "oldsj"]
[Black "Shereshevsky"]
[Result "0-1"]
[WhiteElo "1522"]
[BlackElo "1504"]
[Opening "Ruy Lopez: closed defense"]
[ECO "C84"]
[Time "20:03:54"]
[TimeControl "2700+45"]

1. e4 e5 2. Nf3 Nc6 3. Bb5 a6 4. Ba4 Nf6 5. O-O Be7 6. c3 b5 7. Bb3 Nxe4 8. Bd5
Nf6 9. Bxc6 dxc6 10. Nxe5 Qd5 11. d4 O-O 12. Re1 Re8 13. Nd2 c5 14. Ndf3 cxd4
15. Nxd4 Bb7 16. Nef3 c5 17. Re5 Qd8 18. Bg5 cxd4 19. Nxd4 Nd7 20. Bxe7 Rxe7 21.
Rh5 Re5 22. Rh3 Nf6 23. Qc2 Qd7 24. f4 Rh5 25. Rg3 Re8 26. Rd1 Qc7 27. Nf5 Qc5+
28. Kh1 Qxf5 {White resigns} 0-1

[Event "Team 45 45 League T37"]
[Site "Internet Chess Club"]
[Date "2008.05.18"]
[Round "4"]
[White "Gil-galad"]
[Black "alegro"]
[Result "1-0"]
[WhiteElo "2088"]
[BlackElo "2032"]
[Opening "QGD: Charousek (Petrosian) variation"]
[ECO "A40"]
[Time "09:04:35"]
[TimeControl "2700+45"]

1. d4 e6 2. c4 Be7 3. Nc3 d5 4. cxd5 exd5 5. Bf4 c6 6. e3 Nf6 7. Be2 O-O 8. h3
Bf5 9. g4 Be6 10. Qb3 b5 11. Qc2 Qa5 12. Nf3 b4 13. Qa4 Qb6 14. Nd1 a5 15. O-O
Nbd7 16. Rc1 Rac8 17. Kg2 Ne4 18. Ne5 Nxe5 19. Bxe5 f6 20. Bf4 f5 21. f3 Nd6 22.
Qc2 Nc4 23. b3 Na3 24. Qd2 c5 25. dxc5 Bxc5 26. Nf2 d4 27. e4 fxg4 28. hxg4 Nb5
29. Bxb5 Qxb5 30. Nd3 Be7 31. Rxc8 Rxc8 32. Rc1 Rc3 33. Rd1 a4 34. bxa4 Qxa4 35.
Nf2 d3 36. Be5 Rc2 37. Qxd3 Qxa2 38. Qd4 b3 39. Ra1 b2 40. Rxa2 Bxa2 41. Qxb2
Rxb2 42. Bxb2 Kf7 43. Bd4 Bc4 44. Kg3 Bb4 45. f4 g6 46. f5 Bd2 47. Kf3 Bb5 48.
Be3 Bc3 49. Kf4 Ba5 50. e5 Bc7 51. Ne4 gxf5 52. gxf5 Bd7 53. Nf6 Bc8 54. Nxh7
Bb7 55. Ng5+ Ke7 56. Bc5+ Ke8 57. Ne6 Bb8 58. f6 Bc8 59. Ng5 {Black resigns} 1-0

[Event "Team 45 45 League T37"]
[Site "Internet Chess Club"]
[Date "2008.05.18"]
[Round "4"]
[White "RedAttack"]
[Black "The7thGuest"]
[Result "1/2-1/2"]
[WhiteElo "2047"]
[BlackElo "2036"]
[Opening "English opening"]
[ECO "A20"]
[Time "09:59:03"]
[TimeControl "2700+45"]

1. c4 e5 2. d3 Nc6 3. e4 Bc5 4. Nf3 d6 5. Nc3 h6 6. Nd5 Nf6 7. Be2 Nxd5 8. cxd5
Nd4 9. O-O O-O 10. a3 a5 11. Kh1 Nxe2 12. Qxe2 Bg4 13. Bd2 f5 14. Be3 fxe4 15.
dxe4 Bxf3 16. gxf3 Qf6 17. Rac1 b6 18. Kg2 Qg6+ 19. Kh1 Qh5 20. Bxc5 bxc5 21.
Rc3 Rf4 22. Rg1 Raf8 23. Rg3 Rh4 24. Rg2 Rh3 25. Re3 Rf4 26. Kg1 Rfh4 27. Qa6
Rxh2 28. Rxh2 Rxh2 29. Qc8+ Kh7 30. Kf1 Rh1+ 31. Ke2 Rb1 32. Rb3 Qg5 33. Rb8 h5
34. Qg8+ Kg6 35. Qe6+ Kh7 36. Qg8+ Kg6 37. Qe6+ {Game drawn by mutual agreement}
1/2-1/2

Gooday mates,

After reading all the entries it appears that everyone is in agreement that this game is a draw. I have set the game as a draw and hope that everyone is able to play in their next round.

Good luck and good chess,
Guy

[Event "Team 45 45 League T37"]
[Site "Internet Chess Club"]
[Date "2008.05.19"]
[Round "4"]
[White "frank001"]
[Black "fileman"]
[Result "0-1"]
[WhiteElo "1794"]
[BlackElo "1933"]
[Opening "KP: Nimzovich defense"]
[ECO "B00"]
[Time "13:12:48"]
[TimeControl "2700+45"]

1. e4 Nc6 2. Nf3 d6 3. d4 Nf6 4. Nc3 Bg4 5. Be3 e6 6. Be2 Be7 7. h3 Bh5 8. d5
Nb8 9. Qd2 e5 10. O-O-O Nbd7 11. Kb1 Bg6 12. Bd3 c5 13. Nh2 a6 14. f3 b5 15. g4
h5 16. g5 Nh7 17. h4 Qa5 18. Nf1 c4 19. Be2 b4 20. Bxc4 bxc3 21. bxc3 Nc5 22.
Bxc5 Qxc5 23. Bb3 a5 24. Ba4+ Kf8 25. Ka1 Rc8 26. Bc6 f5 27. Ng3 f4 28. Nf5 Bxf5
29. exf5 Nxg5 30. hxg5 Bxg5 31. Rb1 Bf6 32. Rb5 Qa3 33. Rb3 Qc5 34. Qd3 a4 35.
Bxa4 e4 36. fxe4 Bxc3+ 37. Kb1 h4 38. Bd7 Rc7 39. Be6 Ke7 40. Qf3 h3 41. Qxf4 h2
42. Qg3 Be5 43. Qg2 Qd4 44. c3 Qd3+ 45. Qc2 Qf3 {White resigns} 0-1

[Event "Team 45 45 League T37"]
[Site "Internet Chess Club"]
[Date "2008.05.15"]
[Round "4"]
[White "cappelo-upgrate"]
[Black "Chessduke"]
[Result "1/2-1/2"]
[WhiteElo "2158"]
[BlackElo "2111"]
[Opening "QGD: 4.Bg5 Be7"]
[ECO "D53"]
[Time "13:03:17"]
[TimeControl "2700+45"]

1. d4 d5 2. c4 e6 3. Nc3 Nf6 4. Bg5 Be7 5. cxd5 exd5 6. Qc2 c6 7. e3 O-O 8. Bd3
h6 9. Bh4 Re8 10. Nf3 Be6 11. O-O Nbd7 12. Rab1 a5 13. a3 c5 14. dxc5 Nxc5 15.
Bb5 Rf8 16. Rfd1 Rc8 17. Nd4 Nfe4 18. Bxe7 Qxe7 19. Nxd5 Bxd5 20. Nf5 Qe6 21.
Rxd5 g6 22. Nxh6+ Kg7 23. Bc4 b5 24. Ba2 Nf6 25. Rxc5 Rxc5 26. Qxc5 Qxa2 27.
Nf5+ gxf5 28. Qxf5 Rd8 29. Qg5+ Kf8 30. Qc5+ Kg7 31. Qg5+ {Game drawn by mutual
agreement} 1/2-1/2

[Event "Team 45 45 League T37"]
[Site "Internet Chess Club"]
[Date "2008.05.19"]
[Round "4"]
[White "EtchenBABABA"]
[Black "JoshuaFranzj"]
[Result "1-0"]
[WhiteElo "1964"]
[BlackElo "1878"]
[Opening "Sicilian: dragon, Yugoslav attack, Rauser variation"]
[ECO "B76"]
[Time "18:00:54"]
[TimeControl "2700+45"]

1. e4 c5 2. Nf3 d6 3. d4 cxd4 4. Nxd4 Nf6 5. Nc3 g6 6. Be3 Bg7 7. f3 O-O 8. Qd2
Nc6 9. O-O-O Bd7 10. h4 Ne5 11. h5 Nxh5 12. Bh6 Bxh6 13. Qxh6 e6 14. g4 Nf6 15.
g5 Nh5 16. Rxh5 gxh5 17. Qxh5 f6 18. f4 Ng6 19. f5 exf5 20. Bc4+ Kh8 21. Rh1 Qe7
22. Nd5 Qg7 23. Nxf6 {Black resigns} 1-0

[Event "Team 45 45 League T37"]
[Site "Internet Chess Club"]
[Date "2008.05.17"]
[Round "4"]
[White "frothyjowels"]
[Black "PimpingMaster"]
[Result "1/2-1/2"]
[WhiteElo "2216"]
[BlackElo "1814"]
[Opening "Robatsch (modern) defense"]
[ECO "B06"]
[Time "14:30:57"]
[TimeControl "2700+45"]

1. e4 g6 2. d3 Bg7 3. Nf3 c5 4. g3 Nc6 5. Bg2 d6 6. O-O e6 7. c3 Nge7 8. Nbd2
O-O 9. a4 Rb8 10. Nb3 b6 11. d4 Ba6 12. Re1 cxd4 13. Nbxd4 Ne5 14. Nxe5 dxe5 15.
Nb5 Nc6 16. Be3 Qe7 17. Qd6 Qxd6 18. Nxd6 Rfd8 19. Nb5 Rd7 20. Bf3 Rbd8 21. Red1
Bb7 22. b4 Bf6 23. Rxd7 Rxd7 24. Rd1 Rxd1+ 25. Bxd1 Be7 26. Nc7 Bd6 27. Nb5 Be7
28. Kf1 Kf8 29. Ke2 Ke8 30. Kd3 Kd7 31. Na3 f5 32. f3 a5 33. Bxb6 axb4 34. Nc4
Ba6 35. Bb3 bxc3 36. Kxc3 Bb4+ 37. Kd3 f4 38. g4 h5 39. h3 hxg4 40. hxg4 Na5 41.
Bxa5 Bxa5 42. Kc2 Bxc4 43. Bxc4 Kd6 {Game drawn by mutual agreement} 1/2-1/2

[Event "Team 45 45 League T37"]
[Site "Internet Chess Club"]
[Date "2008.05.18"]
[Round "4"]
[White "Zornorph"]
[Black "frothyjowels"]
[Result "0-1"]
[WhiteElo "2025"]
[BlackElo "2235"]
[Opening "Dutch defense, Rubinstein variation"]
[ECO "A84"]
[Time "15:30:28"]
[TimeControl "2700+45"]

1. c4 f5 2. d4 e6 3. Nc3 Nf6 4. Bg5 d5 5. Bxf6 Qxf6 6. cxd5 Na6 7. dxe6 Bxe6 8.
e3 Nb4 9. Nf3 Nd5 10. Be2 c6 11. Ne5 Bd6 12. Nd3 O-O 13. Bf3 Ne7 14. O-O g5 15.
g3 Kh8 16. Nc5 Bxc5 17. dxc5 Rfd8 18. Qc2 g4 19. Bg2 Ng6 20. Rad1 Qe5 21. b4 Bc4
22. Rfe1 Qe6 23. Qb2 Ne5 24. Ne4 fxe4 25. Bxe4 Qf6 26. Qc2 Bd5 {White resigns}
0-1

[Event "Team 45 45 League T37"]
[Site "Internet Chess Club"]
[Date "2008.05.16"]
[Round "4"]
[White "alo"]
[Black "kabindra"]
[Result "1-0"]
[WhiteElo "1829"]
[BlackElo "1862"]
[Opening "two knights: Max Lange attack"]
[ECO "C55"]
[Time "10:35:28"]
[TimeControl "2700+45"]

1. e4 e5 2. Nf3 Nc6 3. d4 exd4 4. Bc4 Nf6 5. O-O Bc5 6. e5 d5 7. exf6 dxc4 8.
fxg7 Rg8 9. Re1+ Be6 10. Ng5 Qf6 11. Rxe6+ fxe6 12. Qg4 Rxg7 13. Qxe6+ Be7 14.
Qxf6 Bxf6 15. Ne4 Be7 16. Bf4 O-O-O 17. Nbd2 c3 18. bxc3 dxc3 19. Nxc3 Bg5 20.
Bxg5 Rxg5 21. Nde4 Rg7 22. f4 Rdg8 23. g3 h5 24. Nf6 Rh8 25. Nce4 Nd4 26. Kf2
Nf5 27. Rd1 Nd6 28. Ng5 Rg6 29. Nd5 Re8 30. Nf3 Ne4+ 31. Kf1 Rd6 32. Rd3 c6 33.
Ne3 Rxd3 34. cxd3 Nc3 35. Nf5 Kc7 36. Ng7 Re3 37. Ne5 h4 38. Ne6+ Kc8 39. g4 Re2
40. g5 Rxh2 41. g6 Nd5 42. f5 Rxa2 43. Ng4 h3 44. g7 Ne7 45. f6 Ra1+ 46. Kf2
Ra2+ 47. Kf3 h2 48. Nxh2 {Black resigns} 1-0

[Event "Team 45 45 League T37"]
[Site "Internet Chess Club"]
[Date "2008.05.18"]
[Round "4"]
[White "chess92192"]
[Black "touchthis"]
[Result "1-0"]
[WhiteElo "1753"]
[BlackElo "1823"]
[Opening "French: exchange variation"]
[ECO "C01"]
[Time "14:58:15"]
[TimeControl "2700+45"]

1. e4 e6 2. d4 d5 3. exd5 exd5 4. Bd3 Nc6 5. Nf3 Bg4 6. c3 Bd6 7. O-O Nge7 8.
Bg5 f6 9. Bh4 Qd7 10. b4 O-O-O 11. Nbd2 Rde8 12. Qa4 Kb8 13. Bg3 h5 14. Rfe1
Bxg3 15. fxg3 g5 16. b5 Nd8 17. Rab1 Bf5 18. Qc2 Bxd3 19. Qxd3 Nf5 20. Nb3 b6
21. Kf2 h4 22. gxh4 Nxh4 23. Rxe8 Qxe8 24. Re1 Qh5 25. h3 Nxf3 26. Qxf3 Qxf3+
27. Kxf3 Rh4 28. Re8 Kc8 29. Nc1 Kd7 30. Re3 Rf4+ 31. Ke2 Rh4 32. Nd3 Re4 33.
Nf2 Rxe3+ 34. Kxe3 Ke6 35. g3 Nf7 36. h4 gxh4 37. gxh4 Nh6 38. Kf4 Kf7 39. Ng4
Ng8 40. Ne3 Ne7 41. h5 Kg7 42. Nf5+ Nxf5 43. Kxf5 Kh7 44. Kxf6 Kh6 45. Ke5 Kxh5
46. Kxd5 Kg6 47. Kc6 {Black resigns} 1-0

[Event "Team 45 45 League T37"]
[Site "Internet Chess Club"]
[Date "2008.05.20"]
[Round "4"]
[White "crazynights"]
[Black "GamePlayer"]
[Result "1-0"]
[WhiteElo "1617"]
[BlackElo "1466"]
[Opening "Sicilian: modern Scheveningen, main line"]
[ECO "B56"]
[Time "12:58:22"]
[TimeControl "2700+45"]

1. e4 c5 2. Nf3 d6 3. d4 cxd4 4. Nxd4 Nc6 5. Nc3 Nf6 6. Be3 e6 7. Be2 Be7 8. O-O
O-O 9. f4 a6 10. a4 Bd7 11. Qd2 Nxd4 12. Bxd4 b5 13. axb5 axb5 14. e5 dxe5 15.
fxe5 b4 16. exf6 bxc3 17. fxe7 cxd2 18. exd8=Q Rfxd8 19. Rxa8 Rxa8 20. Bc3 Rc8
21. Rd1 Ba4 22. Rxd2 h6 23. Bd3 {Black resigns} 1-0

[Event "Team 45 45 League T37"]
[Site "Internet Chess Club"]
[Date "2008.05.18"]
[Round "4"]
[White "FiendAngelical"]
[Black "blackcatdillac"]
[Result "1-0"]
[WhiteElo "1960"]
[BlackElo "1814"]
[Opening "QP counter-gambit (elephant gambit)"]
[ECO "C40"]
[Time "13:07:54"]
[TimeControl "2700+45"]

1. e4 e5 2. Nf3 d5 3. Nxe5 dxe4 4. d4 Bd6 5. Bf4 Nf6 6. Bc4 O-O 7. O-O Qe8 8.
Nc3 Be6 9. Qe2 Nc6 10. Bxe6 Qxe6 11. Nxc6 Bxf4 12. d5 Nxd5 13. Nxd5 Bg5 14. Nxc7
Qxc6 15. Nxa8 Rxa8 16. Rfe1 Re8 17. c4 f5 18. Rad1 e3 19. fxe3 Bxe3+ 20. Kh1 f4
21. Qf3 Qb6 22. Qd5+ Kh8 23. Qf7 Rg8 24. b3 Qb4 25. h4 Qb6 26. Rd7 h6 27. Rxb7
Qc5 28. Rd1 Qe5 29. Re7 Qb2 30. Re8 Rxe8 31. Qxe8+ Kh7 32. Qe4+ Kg8 33. Rd8+ Kf7
34. Qe8+ {Black resigns} 1-0

[Event "Team 45 45 League T37"]
[Site "Internet Chess Club"]
[Date "2008.05.18"]
[Round "4"]
[White "Nosferatu1"]
[Black "Kalhalla"]
[Result "1-0"]
[WhiteElo "1857"]
[BlackElo "1818"]
[Opening "Pirc: classical (two knights) system"]
[ECO "A48"]
[Time "13:05:09"]
[TimeControl "2700+45"]

1. d4 Nf6 2. Nf3 g6 3. Nc3 Bg7 4. e4 d6 5. Bc4 O-O 6. O-O Nxe4 7. Nxe4 d5 8. Bd3
dxe4 9. Bxe4 c6 10. c3 h6 11. Bf4 Nd7 12. Qd2 Kh7 13. h3 Nf6 14. Bc2 Be6 15. Bb3
Bd5 16. Qe3 Bxb3 17. axb3 Nd5 18. Qd2 a5 19. Be5 f6 20. Bg3 Re8 21. Rfe1 e6 22.
Re2 Qd7 23. Rae1 Re7 24. Qc2 Rae8 25. Nh4 f5 26. Be5 Nf6 27. Ra1 b6 28. Rae1 g5
29. Nf3 Qb7 30. Bd6 Rd7 31. Rxe6 Rxe6 32. Rxe6 Ne4 33. Be5 Qc8 34. Bxg7 Rxg7 35.
Re5 Rf7 36. Nd2 Nxd2 37. Qxd2 Qd7 38. Qe2 b5 39. Re8 Qd5 40. Qe6 Qd7 41. Qe5 Rg7
42. Rf8 Re7 43. Qh8+ Kg6 44. Rf6+ Kh5 45. Qxh6# {Black checkmated} 1-0